 Dungeon Crawl Stone Soup version 0.31.0-11-ge490571c62 (webtiles) character file.

Game seed: 1488895705656018041

458 Arcadio the Cudgeller (level 7, 0/44 HPs)
             Began as a Gargoyle Gladiator on Feb 3, 2024.
             Slain by Pikel
             ... wielding a +2 whip of freezing
              (1 damage)
             ... on level 4 of the Dungeon.
             The game lasted 00:04:00 (2940 turns).

Arcadio the Cudgeller (Gargoyle Gladiator)          Turns: 2940, Time: 00:04:01

Health: 0/44       AC: 13    Str: 20    XL:     7   Next: 6%
Magic:  7/7        EV: 10    Int:  8    God:
Gold:   172        SH:  0    Dex: 11    Spells: 6/6 levels left

rFire   . . .        a - +0 flail
rCold   . . .        m - orb {light}
rNeg    + + .        k - +0 scale mail
rPois   ∞            c - +0 helmet
rElec   +            (no cloak)
rCorr   .            (no gloves)
SInv    .            (no boots)
Will    .....        (no amulet) Stlth
                     z - ring of positive energy
HPRegen 0.27/turn    (no ring)
MPRegen 0.10/turn

%: no passive effects
@: brilliant, about to teleport, glowing
A: sickness immunity, AC +4, negative energy resistance 1, electricity
resistance, torment resistance 1, petrification resistance
a: no special abilities


You were on level 4 of the Dungeon.
You visited 1 branch of the dungeon, and saw 4 of its levels.

You collected 172 gold pieces.

Inventory:

Hand Weapons
 a - a +0 flail (weapon)
Missiles
 d - 7 throwing nets (quivered)
 e - a javelin
Armour
 b - a +0 leather armour
 c - a +0 helmet (worn)
 k - a +0 scale mail (worn)
 m - an orb of light (worn)
Jewellery
 o - a ring of ice
 z - a ring of positive energy (left hand)
Wands
 l - a wand of flame (17)
 x - a wand of roots (9)
Scrolls
 h - a scroll of enchant armour {unknown}
 i - a scroll of summoning {unknown}
 n - 2 scrolls of teleportation
 p - a scroll of amnesia {unknown}
 q - 2 scrolls of identify {unknown}
 r - 2 scrolls of revelation {unknown}
 u - 3 scrolls of fear {unknown}
 v - a scroll of blinking {unknown}
 y - a scroll of poison {unknown}
Potions
 f - a potion of curing
 g - a potion of berserk rage {unknown}
 j - a potion of brilliance
 s - a potion of resistance {unknown}
 t - a potion of might {unknown}
 w - a potion of degeneration {unknown}


   Skills:
 + Level 5.0 Fighting
 + Level 5.0 Maces & Flails
 - Level 1.7 Throwing
 + Level 4.1 Armour
 - Level 2.4 Dodging


You had 6 spell levels left.
You didn't know any spells.
Your spell library contained the following spells:

 Spells                   Type           Power      Damage    Failure   Level
 Sting                    Conj/Alch      0%         1d3       77%         1
 Mercury Vapours          Alch/Air       0%         N/A       88%         2
 Static Discharge         Conj/Air       0%         3-3/arc   88%         2
 Inner Flame              Hex/Fire       0%         N/A       98%         3
 Airstrike                Air            0%         2d(0-16)  100%        4
 Flame Wave               Conj/Fire      0%         2d4       100%        4
 Olgreb's Toxic Radiance  Alch           0%         N/A       100%        4
 Sticky Flame             Fire/Alch      0%         2d4       100%        4
 Summon Lightning Spire   Summ/Air       0%         N/A       100%        4


Dungeon Overview and Level Annotations

Branches:
Dungeon (4/15)
 Temple: D:4-7

Altars:
Kikubaaqudgha
Ru
Zin

Annotations:
D:4 Pikel


Innate Abilities, Weirdness & Mutations

You are immune to sickness and miasma.
Your stone body is resilient. (AC +4)
You are immune to poison.
You resist negative energy. (rN+)
You are resistant to electric shocks. (rElec)
You are resistant to unholy torment.
You are immune to petrification.


Message History

Sorry, you're not good enough to have a special ability.
It was a potion of brilliance.
You feel clever all of a sudden. The lemure hits you but does no damage.
Pikel hits you but does no damage.
It was a potion of curing.
You feel better. The lemure misses you. Pikel completely misses you.
Okay, then.
You hit Pikel but do no damage.
Pikel is lightly wounded.
The lemure hits you. Pikel closely misses you.
You barely miss Pikel.
Pikel is lightly wounded.
The lemure hits you.
Pikel says, "Dispater doesn't talk much, but I know they dig me."
Pikel zaps a wand.
The roots erupt in riotous growth!
The grasping roots grab you!
The lemure is unaffected.
Pikel is unaffected.
The grasping roots constrict you.
You hear a shout!
You hear an angry hiss.
You hit Pikel but do no damage.
Pikel is lightly wounded.
The lemure barely misses you. Pikel closely misses you.
The grasping roots constrict you.
You hit Pikel but do no damage.
Pikel is lightly wounded.
The lemure barely misses you. Pikel hits you but does no damage.
The grasping roots constrict you.
You hit Pikel.
Pikel is lightly wounded.
The lemure hits you.
Pikel hits you with a +2 whip of freezing.
Pikel freezes you. The grasping roots constrict you!
* * * LOW HITPOINT WARNING * * *
The grasping roots release their grip on you.
Unknown command.
As you read the scroll labelled ENOD FIWKIRPH, it crumbles to dust.
You feel strangely unstable.
It was a scroll of teleportation.
Pikel hits you with a +2 whip of freezing.
You die...
Pikel says, "Another soul for the market."

#.#### ##.....##
.....# ##...##
#....# ##.## #....#
##.# ##...# ##..#
.##..#######...####
.........†........+
..)..#######...#5##
#....# #...#@#
#.##.# #...#K#
#.##.# #..##5#
#.##.# #.....#
.....# #..K...##
#.#### #5##.#.# #.#
# #.#.# #.# #....
#.# ###.##


You could see Pikel and 2 lemures.

Vanquished Creatures
  A black bear (D:4)
  A lemure (D:4)
  A howler monkey (D:4)
  A bombardier beetle (D:3)
  A hound (D:4)
  2 orc wizards (D:3)
  Robin (D:4)
  4 gnolls (D:4)
  6 adders
  4 dart slugs
  A ribbon worm (D:2)
  5 orcs (D:3)
  10 ball pythons
  10 endoplasms
  2 giant cockroaches
  13 goblins
  14 hobgoblins
  2 jackals (D:1)
  4 quokkas
  6 bats
  5 frilled lizards
  9 kobolds
  5 rats
108 creatures vanquished.

Notes
Turn   | Place    | Note
-------+----------+-------------------------------------------
     0 | D:1      | Arcadio the Gargoyle Gladiator began the quest for the Orb.
     0 | D:1      | Reached XP level 1. HP: 12/12 MP: 1/1
    50 | D:1      | Reached XP level 2. HP: 14/18 MP: 2/2
   189 | D:1      | Reached skill level 1 in Armour
   480 | D:1      | Reached XP level 3. HP: 22/22 MP: 3/3
  1053 | D:2      | Reached XP level 4. HP: 27/28 MP: 4/4
  1309 | D:2      | Found a faded altar of an unknown god.
  1850 | D:3      | Found an ancient bone altar of Kikubaaqudgha.
  1908 | D:3      | Reached XP level 5. HP: 25/33 MP: 5/5
  2462 | D:4      | Found a sacrificial altar of Ru.
  2474 | D:4      | Reached XP level 6. HP: 35/39 MP: 6/6
  2541 | D:4      | Noticed a black bear
  2555 | D:4      | Killed a black bear
  2824 | D:4      | Noticed Robin
  2826 | D:4      | Reached skill level 5 in Maces & Flails
  2830 | D:4      | Reached XP level 7. HP: 44/44 MP: 7/7
  2836 | D:4      | Killed Robin
  2837 | D:4      | Reached skill level 5 in Fighting
  2890 | D:4      | Found a glowing silver altar of Zin.
  2919 | D:4      | Noticed Pikel
  2939 | D:4      | HP: 1/44 [constriction (8)]
  2940 | D:4      | Slain by Pikel

Illustrated notes

Levels and vault maps discovered:
D:1:      erik_arrival_blinker_ship, layout_loops_corners, minmay_pentomino_w4
D:2:      layout_basic, shapermc_ecumenical_altar_pompeii
D:3:      layout_rooms, kiku_gazebo_garden_becter,
          chequers_serial_rivers_micro_b, minmay_divided_ellipse
D:4:      layout_loops_corners, mainiacjoe_overflow_alcove_1,
          nicolae_overflow_hidden_temple, uniq_pikel, uniq_robin

Skill      XL: |  1  2  3  4  5  6  7 |
---------------+----------------------+-----
Armour         | 1 2 3 4 |  4.1
Fighting       | 3 4 5 |  5.0
Maces & Flails | 4 5 |  5.0
Throwing       | |  1.7
Dodging        | |  2.4

Action                     |  1- 3 |  4- 6 |  7- 9 || total
---------------------------+-------+-------+-------++-------
  Melee: Flail             |   103 |   180 |    24 ||   307
    Use: Scroll            |       |     1 |     1 ||     2
         Potion            |       |       |     2 ||     2
 Armour: Leather armour    |    46 |       |       ||    46
         Scale mail        |    19 |   133 |    21 ||   173
  Dodge: Dodged            |    61 |   103 |    13 ||   177
